 Dungeon Crawl Stone Soup version 0.23.2-40-g277498a001 (webtiles) character file.

Game seed: 18297115653372838851

12182 Amplified the Fighter (level 11, -2/90 HPs)
             Began as a Demonspawn Wizard on Aug 18, 2019.
             Was a High Priest of Vehumet.
             Slain by a +5 long sword (10 damage)
             ... on level 13 of the Dungeon.
             The game lasted 00:38:36 (13101 turns).

Amplified the Fighter (Demonspawn Wizard)          Turns: 13101, Time: 00:38:37

Health: -2/90      AC: 12    Str: 14    XL:     11   Next: 59%
Magic:  22/24      EV: 15    Int: 22    God:    Vehumet [*****.]
Gold:   153        SH:  5    Dex: 11    Spells: 15/28 levels left

rFire    + . .     SeeInvis .   m - +8 short sword (flame)
rCold    . . .     Gourm    .   A - +1 buckler {AC+3}
rNeg     . . .     Faith    .   I - +0 troll leather armour
rPois    .         Spirit   .   b - +1 hat
rElec    .         Reflect  .   v - scarf {repulsion}
rCorr    .         Harm     +   B - +0 pair of gloves
MR       .....                  r - +0 pair of boots
Stlth    +.........             h - amulet of harm
HPRegen  0.65/turn              c - +3 ring of evasion
MPRegen  0.19/turn              n - ring of wizardry

@: mighty, repel missiles
A: antennae 1, slimy green scales 1, fire resistance 1, ignite blood, powered by
pain 1, flame cloud immunity
a: Renounce Religion


You were on level 13 of the Dungeon.
You worshipped Vehumet.
Vehumet was extremely pleased with you.
You were not hungry.

You visited 2 branches of the dungeon, and saw 14 of its levels.

You collected 467 gold pieces.
You spent 314 gold pieces at shops.

Inventory:

Hand Weapons
 m - a +8 short sword of flaming (weapon)
 p - a +0 blowgun
 u - a +1 great sword of venom
Missiles
 e - a throwing net (quivered)
 i - 47 poisoned needles
 q - 4 curare-tipped needles
Armour
 a - a +0 robe
 b - a +1 hat (worn)
 r - a +0 pair of boots (worn)
 v - a scarf of repulsion (worn)
 A - a +1 buckler of protection (worn)
 B - a +0 pair of gloves (worn)
 C - a +0 cloak
 I - a +0 troll leather armour (worn)
Jewellery
 c - a +3 ring of evasion (left hand)
 h - an amulet of harm (around neck)
 n - a ring of wizardry (right hand)
 o - a +6 ring of strength
 s - a cursed amulet of inaccuracy {unknown}
 t - an uncursed ring of protection from magic
Wands
 w - a wand of flame (12)
 y - a wand of digging (1)
 z - a wand of random effects (32)
Scrolls
 k - 7 scrolls of remove curse
 l - 3 scrolls of teleportation
 G - 2 scrolls of fog
Potions
 g - a potion of ambrosia
 j - a potion of brilliance
 x - a potion of haste
 D - a potion of cancellation
 E - a potion of curing
 H - 3 potions of lignification {unknown}
Comestibles
 d - 19 rations
 F - 10 chunks of flesh


   Skills:
 * Level 9.9 Fighting
 - Level 5.9 Short Blades
 * Level 0.0 Armour
 * Level 3.2 Dodging
 - Level 1.7 Stealth
 - Level 4.1 Shields
 - Level 9.2 Spellcasting
 - Level 2.2 Conjurations
 - Level 3.1 Summonings
 - Level 0.8 Translocations
 - Level 7.8 Air Magic


You had 15 spell levels left.
You knew the following spells:

 Your Spells              Type           Power        Failure   Level  Hunger
b - Call Imp              Summ           ###.....     1%          2    None
c - Blink                 Tloc           N/A          3%          2    None
d - Slow                  Hex            ##......     5%          2    None
e - Mephitic Cloud        Conj/Pois/Air  ###.....     1%          3    None
f - Conjure Flame         Conj/Fire      ##......     1%          3    None
g - Confusing Touch       Hex            ##....       3%          1    None

Your spell library contained the following spells:

 Spells                   Type           Power        Failure   Level  Hunger
 Iskenderun's Mystic Bla  Conj           ###.....     4%          4    ##.....
 Magic Dart               Conj           ###.         1%          1    None
 Summon Small Mammal      Summ           ###.         1%          1    None
 Apportation              Tloc           ##....       2%          1    None
 Animate Skeleton         Necr           N/A          3%          1    None


Dungeon Overview and Level Annotations

Branches:
Dungeon (13/15)            Temple (1/1) D:5            Lair (0/6) D:11
    Orc (0/2) D:10
 Vaults: D:13-14

Altars:
Ashenzari
Cheibriados
Dithmenos
Elyvilon
Fedhas
Gozag
Hepliaklqana
Kikubaaqudgha
Makhleb
Nemelex Xobeh
Okawaru
Qazlal
Ru
Sif Muna
Trog
Uskayaw
Vehumet
Wu Jian
Xom
Yredelemnul
Zin
The Shining One

Shops:
D:5 %[   D:8 %

Annotations:
D:6 Careful down descent
D:7 Harold
D:13 1 runed translucent door


Innate Abilities, Weirdness & Mutations

You have a pair of small antennae on your head.
You are partially covered in slimy green scales. (AC +2)
Your flesh is heat resistant. (rF+)
Your demonic aura causes spilled blood to erupt in flames.
You sometimes gain a little power by taking damage.
You are immune to clouds of flame.


Message History

The stone closely misses you.
Unknown command.
Okay, then.
You feel better.
The centaur warrior skeleton closely misses you.
The +5 long sword is engulfed in blazing flames.
The +5 long sword hits you!
* * * LOW HITPOINT WARNING * * *
The wight hits you from afar with a cursed +5 trident!
* * * LOW HITPOINT WARNING * * *
You block the centaur warrior skeleton's attack.
The orc throws a stone.
The stone misses you.
Okay, then.
Casting: Mephitic Cloud (safe; 1% risk of failure)
Confirm with . or Enter, or press ? or * to list all spells.
You blink.
The +5 long sword is engulfed in blazing flames.
The centaur warrior skeleton misses you.
The +5 long sword hits you!
You die...

#........#
#........#
#........#
######'### #oo#
##☼# ##○§#
########☼#Z########
#.....zz.(@........
.[.###z###.########
#.#(## #.# #(##
##.# ##.###..#
##u##.## ##(..#
##.## #o#


You could see 3 wights, a +5 long sword, 2 orcs and a centaur warrior skeleton.

Vanquished Creatures
  A hydra (D:13)
  A two-headed ogre (D:8)
  A deep elf mage (D:13)
  A cyclops (D:13)
  3 ugly things
  Joseph (D:9)
  Psyche (D:10)
  A troll (D:13)
  A hornet (D:9)
  5 hippogriffs
  A yak (D:11)
  Grum (D:9)
  A basilisk (D:9)
  A hungry ghost (D:11)
  A soldier ant (D:9)
  Edmund (D:4)
  A porcupine (D:11)
  5 orc warriors
  3 sky beasts (D:8)
  6 ice beasts
  3 black bears
  4 necrophages
  5 ogres
  2 phantoms
  3 centaurs
  4 wolves (D:9)
  A crocodile (D:9)
  4 bullfrogs
  8 scorpions
  10 killer bees
  4 wights
  2 howler monkeys
  4 crimson imps
  A quasit (D:6)
  2 bullfrog zombies
  4 orc priests
  9 hounds
  12 orc wizards
  A centaur skeleton (D:6)
  A centaur zombie (D:8)
  2 jellies
  6 worker ants
  5 iguanas
  A killer bee zombie (D:7)
  3 hound zombies
  A mummy (D:7)
  A worker ant zombie (D:7)
  A gnoll (D:6)
  A howler monkey skeleton (D:11)
  9 adders
  3 shadow imps
  An adder zombie (D:5)
  An adder skeleton (D:4)
  5 worms
  2 dart slugs
  8 leopard geckos
  41 orcs
  6 giant cockroaches
  5 goblins
  4 hobgoblins
  8 jackals
  3 quokkas
  A ball python (D:3)
  9 bats
  5 frilled lizards
  A hobgoblin zombie (D:7)
  4 kobolds
  2 kobold zombies (D:7)
  A leopard gecko zombie (D:5)
  An orc zombie (D:7)
  A quokka skeleton (D:5)
  11 rats
274 creatures vanquished.

Vanquished Creatures (collateral kills)
  A hornet (D:9)
  Sigmund (D:6)
  An ogre (D:4)
  A crocodile (D:11)
  A scorpion (D:4)
  2 howler monkeys (D:8)
  A crimson imp (D:8)
  An iguana (D:4)
  A worker ant (D:4)
  A worm (D:2)
  An orc (D:3)
  3 jackals (D:2)
  A ball python (D:4)
16 creatures vanquished.

Grand Total: 290 creatures vanquished

Notes
Turn   | Place    | Note
-------+----------+-------------------------------------------
     0 | D:1      | Amplified the Demonspawn Wizard began the quest for the
                  | Orb.
     0 | D:1      | Reached XP level 1. HP: 13/13 MP: 4/4
   490 | D:1      | Gained mutation: You have a pair of small antennae on your
                  | head. [demonic ancestry]
   490 | D:1      | Reached XP level 2. HP: 19/20 MP: 6/6
   785 | D:2      | Learned a level 2 spell: Call Imp
   794 | D:2      | Learned a level 2 spell: Blink
   798 | D:2      | Reached skill level 1 in Fighting
  1138 | D:2      | Learned a level 2 spell: Slow
  1229 | D:2      | Reached XP level 3. HP: 19/26 MP: 3/7
  1482 | D:2      | Found a sparkling altar of Nemelex Xobeh.
  1577 | D:2      | Found an ornate altar of the Wu Jian Council.
  1927 | D:3      | Found a basalt altar of Yredelemnul.
  2024 | D:3      | Gained mutation: Your flesh is heat resistant. (rF+)
                  | [demonic ancestry]
  2024 | D:3      | Reached XP level 4. HP: 26/33 MP: 7/9
  2085 | D:3      | Found a faded altar of an unknown god.
  2843 | D:3      | You fall through a shaft for 3 floors!
  2870 | D:6      | Noticed an ice beast
  2902 | D:5      | Entered Level 5 of the Dungeon
  2917 | D:5      | Found Ismomp's Food Shoppe.
  2944 | D:5      | Found a staircase to the Ecumenical Temple.
  2973 | D:5      | Noticed an ogre
  2980 | Temple   | Entered the Ecumenical Temple
  3105 | Temple   | Became a worshipper of Vehumet
  3118 | D:5      | Noticed a necrophage
  3137 | D:4      | Gained mutation: You are partially covered in slimy green
                  | scales. (AC +2) [demonic ancestry]
  3137 | D:4      | Reached XP level 5. HP: 31/39 MP: 4/11
  3511 | D:5      | Found a deep blue altar of Sif Muna.
  3576 | D:5      | Found a white marble altar of Elyvilon.
  3872 | D:4      | Gained mutation: You are immune to clouds of flame.
                  | [demonic ancestry]
  3872 | D:4      | Reached XP level 6. HP: 16/47 MP: 4/12
  4298 | D:3      | Found a glowing golden altar of the Shining One.
  4373 | D:3      | Found a sacrificial altar of Ru.
  4461 | D:3      | Learned a level 3 spell: Mephitic Cloud
  4899 | D:4      | Reached skill level 1 in Air Magic
  4937 | D:4      | Found an iron altar of Okawaru.
  4939 | D:4      | Noticed Edmund
  4944 | D:4      | Reached XP level 7. HP: 19/54 MP: 8/14
  5303 | D:4      | Killed Edmund
  5303 | D:4      | Reached skill level 5 in Spellcasting
  5428 | D:5      | Found a burning altar of Makhleb.
  5587 | D:5      | Reached * piety under Vehumet
  5587 | D:5      | Offered knowledge of Shock by Vehumet.
  5785 | D:5      | Found Huiqoj's Armour Shoppe.
  6157 | D:6      | Found a shattered altar of Ashenzari.
  6322 | D:6      | Reached skill level 5 in Fighting
  6342 | D:6      | Reached XP level 8. HP: 38/62 MP: 11/16
  6894 | D:6      | Noticed Sigmund
  6900 | D:6      | Reached skill level 1 in Short Blades
  6928 | D:6      | Killed Sigmund
  7497 | D:7      | Learned a level 3 spell: Conjure Flame
  7821 | D:7      | Offered knowledge of Throw Frost by Vehumet.
  7824 | D:7      | Reached ** piety under Vehumet
  7887 | D:7      | Found a shimmering altar of Xom.
  7970 | D:7      | Gained mutation: You sometimes gain a little power by
                  | taking damage. [demonic ancestry]
  7970 | D:7      | Reached XP level 9. HP: 71/71 MP: 18/18
  8211 | D:8      | Found a glowing silver altar of Zin.
  8211 | D:8      | Found an opulent altar of Gozag.
  8263 | D:8      | Noticed a moth of wrath
  8330 | D:8      | Found a hazy altar of Hepliaklqana.
  8355 | D:8      | Reached skill level 5 in Air Magic
  9062 | D:8      | Found a bloodstained altar of Trog.
  9347 | D:8      | Found Nojiemm's Food Emporium.
  9353 | D:8      | Found a shadowy altar of Dithmenos.
  9386 | D:8      | Noticed a two-headed ogre
  9415 | D:7      | Noticed Harold
  9646 | D:7      | Found a sparkling altar of Nemelex Xobeh.
  9674 | D:8      | Killed a two-headed ogre
  9674 | D:8      | Gained mutation: Your demonic aura causes spilled blood to
                  | erupt in flames. [demonic ancestry]
  9674 | D:8      | Reached XP level 10. HP: 58/80 MP: 14/21
  9740 | D:8      | Offered knowledge of Static Discharge by Vehumet.
  9919 | D:9      | Noticed Grum
  9927 | D:9      | Reached skill level 5 in Short Blades
  9929 | D:9      | Killed Grum
  9929 | D:9      | Reached *** piety under Vehumet
 10166 | D:9      | Learned a level 1 spell: Confusing Touch
 10317 | D:9      | Paralysed by a hornet for 2 turns
 10320 | D:9      | Offered knowledge of Dazzling Spray by Vehumet.
 10736 | D:9      | Noticed Joseph
 10756 | D:9      | Killed Joseph
 10813 | D:9      | Found a shadowy altar of Dithmenos.
 11016 | D:5      | Bought a +1 buckler of protection for 247 gold pieces
 11016 | D:5      | Bought a +0 pair of gloves for 67 gold pieces
 11146 | D:10     | Entered Level 10 of the Dungeon
 11189 | D:10     | Noticed Psyche
 11248 | D:10     | Killed Psyche
 11248 | D:10     | Reached skill level 1 in Shields
 11288 | D:10     | Reached **** piety under Vehumet
 11290 | D:10     | Found a staircase to the Orcish Mines.
 11443 | D:10     | Offered knowledge of Stone Arrow by Vehumet.
 11450 | D:10     | Reached XP level 11. HP: 89/89 MP: 23/23
 11971 | D:11     | Noticed a green ugly thing
 12130 | D:11     | Noticed a purple ugly thing
 12142 | D:11     | Killed a purple ugly thing
 12372 | D:11     | Found a staircase to the Lair.
 12487 | D:11     | Killed a green ugly thing
 13005 | D:13     | Found a runed translucent door.
 13010 | D:13     | Noticed a seven-headed hydra
 13018 | D:13     | Killed a seven-headed hydra
 13037 | D:13     | Reached ***** piety under Vehumet
 13071 | D:13     | Noticed a deep elf mage
 13071 | D:13     | Noticed a purple ugly thing
 13076 | D:13     | Killed a deep elf mage
 13079 | D:13     | Noticed a +5 long sword
 13090 | D:13     | Killed a purple ugly thing
 13090 | D:13     | Offered knowledge of Iskenderun's Mystic Blast by Vehumet.
 13101 | D:13     | Slain by a +5 long sword

Skill      XL: |  1  2  3  4  5  6  7  8  9 10 11 |
---------------+----------------------------------+-----
Fighting       | 1 2 3 4 5 6 7 9 |  9.9
Conjurations   | 2 |  2.2
Spellcasting   | 4 5 6 7 8 9 |  9.2
Summonings     | 2 3 |  3.1
Air Magic      | 1 3 4 6 7 |  7.8
Short Blades   | 2 4 5 |  5.9
Shields        | 1 4 |  4.1
Dodging        | 3 |  3.2
Stealth        | |  1.7
Translocations | |  0.8

Action                   |  1- 3 |  4- 6 |  7- 9 | 10-12 || total
-------------------------+-------+-------+-------+-------++-------
Melee: Unarmed           |    19 |       |       |       ||    19
       Short sword       |    65 |   176 |   292 |   298 ||   831
       Great sword       |       |       |    41 |       ||    41
Throw: Throwing net      |       |       |     2 |     2 ||     4
 Cast: Magic Dart        |    68 |    68 |    24 |     1 ||   161
       Call Imp          |     5 |    13 |    18 |     4 ||    40
       Blink             |       |     5 |     6 |     2 ||    13
       Slow              |       |     8 |    10 |       ||    18
       Mephitic Cloud    |       |     1 |    26 |    39 ||    66
       Conjure Flame     |       |       |     5 |     4 ||     9
Evoke: Wand              |       |       |     8 |     8 ||    16
  Use: Scroll            |     5 |     8 |    12 |     6 ||    31
       Potion            |     3 |     3 |     8 |     4 ||    18
 Stab: Sleeping          |     1 |       |     2 |       ||     3
       Distracted        |       |     1 |       |       ||     1
       Confused          |       |       |     9 |     8 ||    17
       Held in net/web   |       |       |       |     1 ||     1
  Eat: Chunk             |     3 |     7 |     5 |     9 ||    24
       Ration            |       |     1 |     3 |     1 ||     5
Armor: Leather armour    |    35 |    48 |   106 |    79 ||   268
       Robe              |     2 |       |       |       ||     2
       Troll leather arm |       |       |       |     8 ||     8
Dodge: Dodged            |    84 |   166 |   266 |   182 ||   698
       Deflected         |       |       |       |     3 ||     3
Block: Buckler           |       |       |       |    29 ||    29
       Rpst.: Great sword |       |       |    12 |       ||    12
